 Dungeon Crawl Stone Soup version 0.29-a0-1047-g7c58e119a4 (webtiles) character file.

Game seed: 10691775399928008456

3033 Zeldest the Purveyor of Pain (level 10, -11/86 HPs)
             Began as a Meteoran Cinder Acolyte on Aug 16, 2022.
             Was an Initiate of Kikubaaqudgha.
             Mangled by a two-headed ogre
             ... wielding a +0 giant spiked club
              (28 damage)
             ... on level 7 of the Dungeon.
             The game lasted 00:17:47 (2630 turns).

Zeldest the Purveyor of Pain (MeCA)                 Turns: 2630, Time: 00:17:47

Health: -11/86     AC: 10    Str: 15    XL:     10   Next: 32%
Magic:  21/21      EV: 10    Int: 21    God:    Kikubaaqudgha [......]
Gold:   191        SH:  0    Dex: 10    Spells: 17/23 levels left

rFire   . . .      SeeInvis .   a - -1 hand axe (flame)
rCold   . . .      Faith    +   (no shield)
rNeg    + . .      Spirit   .   l - +2 ring mail {rF+}
rPois   +          Reflect  .   u - +2 hat
rElec   .          Harm     .   m - +0 cloak
rCorr   .          Rampage  .   (no gloves)
Will    +....                   (no boots)
Stlth   ..........              w - amulet of the Thoughtful Xenops {Faith rPois}
HPRegen 0.24/turn               j - ring of wizardry
MPRegen 0.17/turn               h - ring of positive energy

@: glowing, fire susceptible
A: sense surroundings 2, otherworldly, glowing, explore regen
a: Renounce Religion


You were on level 7 of the Dungeon.
You worshipped Kikubaaqudgha.
Kikubaaqudgha was noncommittal.
You visited 2 branches of the dungeon, and saw 9 of its levels.
You also visited: Sewer.

You collected 191 gold pieces.

Inventory:

Hand Weapons
 a - a -1 hand axe of flaming (weapon)
Armour
 l - a +2 ring mail of fire resistance (worn)
 m - a +0 cloak (worn)
 p - a +1 leather armour of willpower
 t - +0 steam dragon scales
 u - a +2 hat (worn)
Jewellery
 h - a ring of positive energy (right hand)
 j - a ring of wizardry (left hand)
 o - a ring of flight
 w - the amulet of the Thoughtful Xenops (around neck) {Faith rPois}
   (You found it on level 8 of the Dungeon)

   [amulet of faith]

   It allows you to gain divine favour quickly.
   rPois:     It protects you from poison.
Wands
 b - a wand of roots (6)
Scrolls
 i - a scroll of fear
 k - 3 scrolls of brand weapon
 n - 4 scrolls of identify
 s - a scroll of noise
Potions
 c - a potion of cancellation
 d - a potion of haste
 e - 3 potions of heal wounds
 f - a potion of curing
 g - a potion of ambrosia
 r - 2 potions of magic
 v - a potion of lignification {unknown}


   Skills:
 + Level 7.3 Fighting
 + Level 8.0 Axes
 + Level 7.2 Spellcasting
 * Level 9.2 Necromancy
 - Level 3.6 Fire Magic


You had 17 spell levels left.
You knew the following spells:

 Your Spells              Type           Power      Damage    Failure   Level
a - Scorch                Fire           44%        2d7       2%          2
b - Necrotise             Necr           100%       1d9       1%          1
f - Vampiric Draining     Necr           46%        2d9       1%          3

Your spell library contained the following spells:

 Spells                   Type           Power      Damage    Failure   Level
 Sublimation of Blood     Necr           46%        N/A       1%          2
 Magic Dart               Conj           28%        1d4       7%          1
 Slow                     Hex            28%        N/A       7%          1
 Anguish                  Hex/Necr       13%        N/A       11%         4
 Dazzling Flash           Conj/Hex       14%        N/A       21%         3
 Iskenderun's Mystic Bla  Conj/Tloc      7%         2d4       52%         4
 Starburst                Conj/Fire      7%         6d4       99%         6


Dungeon Overview and Level Annotations

Branches:
Dungeon (8/15) Zot: 2577   Temple (1/1) D:4 Zot: 598   Sewer (visited)
   Lair: D:8-11

Altars:
Ashenzari
Cheibriados
Dithmenos
Elyvilon
Fedhas
Gozag
Hepliaklqana
Kikubaaqudgha
Nemelex Xobeh
Okawaru
Qazlal
Ru
Sif Muna
Trog
Uskayaw
Vehumet
Xom
Yredelemnul
Zin

Shops:
D:8 (

Annotations:
D:6 2 runed translucent doors


Innate Abilities, Weirdness & Mutations

You passively map the area around you.
You are easily found by Zot.
You glow in the dark.
You regain HP and MP as you explore.


Message History

Casting: Scorch (safe; 2% risk of failure)
Confirm with . or Enter, or press ? or * to list all spells.
Flames lash something.
Kikubaaqudgha accepts your kill.
Reactivating autopickup.
You feel a bit more experienced.
There is a stone staircase leading up here.
Found a short bone wand.
Found a scroll of identify.
b - a wand of roots (7)
Found 14 gold pieces.
Found an escape hatch in the floor.
n - 4 scrolls of identify (gained 1)
You now have 191 gold pieces (gained 14).
Aiming: Fastroot
Press: ? - help, Shift-Dir - straight line, f - you The roots erupt in riotous growth!
The fire elemental is unaffected.
The fire elemental hits you. The fire elemental burns you!
The fire elemental hits you. The fire elemental burns you!
A wyvern comes into view.
The wyvern hisses angrily.
The fire elemental hits you. The fire elemental burns you!
The wyvern bites you but does no damage.
The wyvern attacks as you move away!
The wyvern bites you but does no damage.
The wyvern misses you. The wyvern bites you!
The wyvern attacks as you move away! The wyvern barely misses you.
The wyvern bites you but does no damage.
There is a stone staircase leading up here.
The wyvern bites you! x2
* * * LOW HITPOINT WARNING * * *
You climb upwards.
You hear the hiss of flowing sand.
There is an entrance to an ossuary on this level.
Hurry and find it before the portal is buried!
You hear the brisk hiss of a very distant avalanche of sand.
The two-headed ogre hits you but does no damage.
The two-headed ogre hits you with a +0 giant club!!
You die...
Kikubaaqudgha rasps: "You have failed me!
Welcome... death!"

, >,+ , #..........# ,, , ,
#..........#, * , * .
#..........#, , # ,, ...
#.....###..# ,, # , ,
*...##.....####'### # ,
.................# #, , ,
#.........รท.......#, , # ,
,#.................#, , , #
#.......@.........# #, ,,,
#...##..lO#######.# , , #
,*#...##....####.##'####*
#########...##...............#
.......##...##...............#
............'................#
............#................#
............#................#
............#................#


You could see a two-headed ogre and a wyvern.

Vanquished Creatures
  A kobold demonologist (D:5)
  A steam dragon (D:8)
  A vampire mosquito (D:5)
  An acid dragon (D:5)
  2 orc warriors (D:5)
  2 ice beasts (D:5)
  An ogre (D:5)
  A centaur (D:5)
  5 kobold brigands
  A necrophage (D:4)
  7 scorpions
  2 howler monkeys (D:7)
  A gnoll bouda (D:6)
  An orc priest (D:6)
  8 hounds
  4 jellies
  5 iguanas
  6 orc wizards
  7 adders
  7 gnolls
  A river rat (Sewer)
  A shadow imp (D:8)
  An ufetubus (D:4)
  4 worms
  11 orcs
  13 endoplasms
  4 giant cockroaches
  8 hobgoblins
  11 jackals
  11 kobolds
  4 quokkas
  6 ball pythons
  2 bats
  3 frilled lizards
  7 rats
151 creatures vanquished.

Vanquished Creatures (others)
  87 foxfires
87 creatures vanquished.

Grand Total: 238 creatures vanquished

Notes
Turn   | Place    | Note
-------+----------+-------------------------------------------
     0 | D:1      | Zeldest the Meteoran Cinder Acolyte began the quest for the
                  | Orb.
     0 | D:1      | Reached XP level 1. HP: 19/19 MP: 3/3
    54 | D:1      | Reached XP level 2. HP: 19/26 MP: 3/5
    70 | D:1      | Reached skill level 1 in Necromancy
   133 | D:2      | Reached XP level 3. HP: 31/31 MP: 6/6
   161 | D:4      | Reached skill level 2 in Necromancy
   161 | D:4      | Reached XP level 4. HP: 38/40 MP: 6/8
   166 | D:4      | Noticed a necrophage
   169 | D:4      | Killed a necrophage
   170 | D:4      | Reached XP level 5. HP: 46/46 MP: 7/10
   188 | D:4      | Found a staircase to the Ecumenical Temple.
   222 | D:4      | Reached skill level 3 in Necromancy
   230 | D:4      | Reached XP level 6. HP: 52/52 MP: 11/11
   232 | Temple   | Entered the Ecumenical Temple
   415 | D:4      | Found a hazy altar of Hepliaklqana.
   415 | D:4      | Found a sparkling altar of Nemelex Xobeh.
   423 | D:4      | Reached skill level 4 in Necromancy
   432 | D:4      | Reached XP level 7. HP: 49/60 MP: 13/13
   449 | D:4      | Reached skill level 5 in Axes
   458 | D:4      | Found a glowing drain.
   479 | Sewer    | Entered a sewer
   805 | Sewer    | Reached skill level 5 in Fighting
   805 | Sewer    | Reached skill level 5 in Necromancy
   805 | Sewer    | Reached XP level 8. HP: 25/68 MP: 15/15
   860 | Sewer    | Glimpsed the power of Zot.
   926 | D:4      | Found a shimmering altar of Xom.
  1107 | D:1      | Learned a level 2 spell: Scorch
  1446 | D:5      | Entered Level 5 of the Dungeon
  1468 | D:5      | Reached skill level 6 in Necromancy
  1513 | D:5      | Noticed a kobold demonologist
  1514 | D:5      | Noticed a vampire mosquito
  1518 | D:5      | Reached skill level 5 in Spellcasting
  1519 | D:5      | Killed a vampire mosquito
  1520 | D:5      | Gained mutation: You passively map the area around you.
                  | [Meteoran growth]
  1520 | D:5      | Reached XP level 9. HP: 61/75 MP: 16/18
  1560 | D:5      | Reached skill level 7 in Necromancy
  1562 | D:5      | Killed a kobold demonologist
  1657 | D:5      | Reached skill level 8 in Necromancy
  1765 | D:5      | Found a bloodstained altar of Trog.
  1799 | D:5      | Found a shimmering blue altar of Sif Muna.
  1807 | D:5      | Got Sif Muna's Atlas of the Salvo and the Oath
  1824 | D:5      | Reached XP level 10. HP: 81/84 MP: 10/20
  2069 | D:6      | Found a runed translucent door.
  2074 | D:6      | Found a runed translucent door.
  2100 | D:6      | Found a blossoming altar of Fedhas.
  2100 | D:6      | Found an ancient bone altar of Kikubaaqudgha.
  2107 | D:6      | Fell from the grace of Ignis
  2107 | D:6      | Became a worshipper of Kikubaaqudgha
  2329 | D:7      | Reached skill level 9 in Necromancy
  2357 | D:7      | Noticed a two-headed ogre
  2420 | D:8      | Reached * piety under Kikubaaqudgha
  2420 | D:8      | Received a gift from Kikubaaqudgha
  2436 | D:8      | Learned a level 3 spell: Vampiric Draining
  2438 | D:8      | Learned a level 1 spell: Necrotise
  2465 | D:8      | Found Myamis's Weapon Boutique.
  2512 | D:8      | Identified the amulet of the Thoughtful Xenops {Faith
                  | rPois}
  2630 | D:7      | Mangled by a two-headed ogre

Illustrated notes

Levels and vault maps discovered:
D:1:      minmay_arrival_cross, layout_basic
D:2:      layout_rooms
D:3:      layout_rooms
D:4:      cheibrodos_barr_body, layout_rooms, nicolae_overflow_hidden_temple,
          temple_pool_b, cheibrodos_sewer_entry_bend, hangedman_decor_opposing,
          lemuel_another_geyser
D:5:      cheibrodos_fzero, layout_basic, nzn_overflow_gifts_of_might_and_magic,
          chequers_serial_rivers_micro_a, minmay_crossroads
D:6:      lemuel_insect_pit, layout_loops_corners,
          grunt_temple_overflow_growth_and_decay,
          nicolae_tso_swordbearing_angel, uniq_sigmund, uniq_duvessa,
          uniq_crazy_yiuf_cottage
D:7:      layout_gridville, nicolae_wu_jian_wuxing_cycle, makhleb_grotto_becter,
          enter_ossuary_5, guppyfry_early_elven_hall
D:8:      layout_rooms, serial_shops, kennysheep_mini_moat, kennysheep_mini
Temple:   nicolae_temple_no_exploring_needed

Skill      XL: |  1  2  3  4  5  6  7  8  9 10 |
---------------+-------------------------------+-----
Necromancy     | 1 2 3 4 5 6 8 9 |  9.2
Axes           | 4 5 6 7 8 |  8.0
Spellcasting   | 2 3 4 5 6 7 |  7.2
Fighting       | 4 5 6 7 |  7.3
Fire Magic     | |  3.6

Action                   |  1- 3 |  4- 6 |  7- 9 | 10-12 || total
-------------------------+-------+-------+-------+-------++-------
Melee: Hand axe          |    41 |    22 |   242 |    19 ||   324
       Punch             |     1 |     1 |     2 |     1 ||     5
 Cast: Scorch            |       |       |    44 |    58 ||   102
Invok: Fiery Armour      |     1 |     2 |     2 |       ||     5
       Foxfire Swarm     |       |     3 |     2 |       ||     5
       Rising Flame      |       |       |     1 |       ||     1
Evoke: Wand              |       |       |       |     1 ||     1
  Use: Potion            |       |       |     4 |       ||     4
       Scroll            |       |       |     5 |     5 ||    10
Armor: Robe              |    17 |    16 |    57 |       ||    90
       Ring mail         |       |       |    74 |    34 ||   108
Dodge: Dodged            |    21 |    15 |   143 |    21 ||   200

Table legend: (Time is in decaauts)
 A = Elapsed time spent in this place.
 B = Non-inter-level travel time spent in this place.
 C = Inter-level travel time spent in this place.
 D = Time resting spent in this place.
 E = Time spent auto-exploring this place.
 F = Levels seen in this place.
 G = Mean time per level.
                   A        B        C        D        E       F      G
               +--------+--------+--------+--------+--------+-----+--------+
         Total |   2750 |   2676 |     74 |      0 |     30 |  10 |  275.0 |
       Dungeon |   2221 |   2147 |     74 |      0 |     30 |   8 |  277.6 |
        Temple |      1 |      1 |      0 |      0 |      0 |   1 |    1.0 |
         Sewer |    527 |    527 |      0 |      0 |      0 |   1 |  527.0 |
               +--------+--------+--------+--------+--------+-----+--------+

Top non-repeatable levels by time:
   Sewer: 527 daAuts
     D:4: 446 daAuts
     D:5: 420 daAuts
     D:6: 363 daAuts
     D:1: 311 daAuts
     D:8: 264 daAuts
     D:2: 209 daAuts
     D:3: 115 daAuts
     D:7: 89 daAuts
  Temple: 1 daAuts
